Map: Floodplain

Players

Fabi

  • Race: Protoss Protoss

JIMUSLIN

  • Race: Zerg Zerg

TrusyEnota

  • Race: Zerg Zerg
  • League: Diamond

Aradur

  • Race: Protoss Protoss

Satum

  • Race: Terran Terran

papasmurpf

  • Race: Terran Terran

PrEAUtiste

  • Race: Terran Terran
  • League: Gold

Bundy

  • Race: Protoss Protoss

VOD

Have the link to the VOD?

Description

Time

  • Played on: Aug. 20, 2026, 3:49 a.m.
  • Length: 20:20
Show
View Real Time Build Order
Export as new Build Order

Fabi Protoss 

Build Orders:  

Get SALT Encoding   

  8  0:21  Probe  
  9  0:34  Pylon  
  10  0:35  Probe  
  10  0:50  Probe  
  10  0:56  Forge  
  11  1:02  Probe  
  12  1:15  Probe  
  13  1:21  Gateway  
  13  1:27  Probe  
  14  1:40  Photon Cannon  
  14  1:41  Probe  
  15  1:55  Photon Cannon  
  15  2:01  Probe  
  16  2:28  Nexus  
  16  2:31  Probe  
  17  2:41  Assimilator  
  17  2:43  Probe (Chrono Boost)  
  18  2:50  Assimilator  
  18  2:54  Probe (Chrono Boost)  
  18  2:55  Pylon  
  19  2:59  Probe (Chrono Boost)  
  20  3:09  Probe (Chrono Boost)  
  21  3:21  Probe (Chrono Boost)  
  22  3:27  Probe (Chrono Boost)  
  22  3:29  Cybernetics Core  
  22  3:32  Pylon  
  23  3:36  Probe  
  25  3:49  Probe (Chrono Boost)  
  25  3:50  Probe (Chrono Boost)  
  26  4:00  Probe x2 (Chrono Boost)  
  28  4:05  Probe (Chrono Boost)  
  28  4:06  Probe (Chrono Boost)  
  30  4:15  Probe (Chrono Boost)  
  30  4:16  Probe (Chrono Boost)  
  32  4:27  Stargate, Probe (Chrono Boost)  
  32  4:28  Probe (Chrono Boost)  
  32  4:29  Stargate  
  34  4:32  Probe (Chrono Boost)  
  34  4:33  Probe (Chrono Boost)  
  36  4:42  Assimilator  
  36  4:43  Probe x2 (Chrono Boost)  
  38  4:46  Assimilator  
  39  4:54  Probe (Chrono Boost)  
  39  4:57  Probe (Chrono Boost)  
  39  4:59  Probe (Chrono Boost)  
  40  5:01  Cybernetics Core  
  40  5:05  Probe, Pylon  
  40  5:07  Pylon  
  42  5:09  Pylon, Probe  
  42  5:10  Pylon  
  43  5:15  Fleet Beacon  
  43  5:17  Probe  
  44  5:24  Void Ray  
  48  5:37  Zealot  
  50  5:44  Void Ray  
  50  5:46  Probe  
  55  5:59  Flux Vanes  
  55  6:08  Probe  
  55  6:09  Probe, Nexus  
  57  6:16  Void Ray  
  61  6:20  Probe  
  61  6:21  Probe  
  63  6:32  Probe  
  64  6:33  Probe  
  65  6:43  Void Ray  
  65  6:44  Probe  
  65  6:45  Probe  
  71  6:56  Probe  
  71  6:57  Probe  
  71  6:59  Void Ray  
  77  7:01  Protoss Shields Level 1  
  77  7:06  Protoss Air Weapons Level 1 (Chrono Boost), Protoss Air Armor Level 1 (Chrono Boost)  
  77  7:07  Pylon  
  77  7:08  Pylon  
  77  7:09  Pylon  
  77  7:11  Pylon  
  77  7:21  Twilight Council  
  77  7:23  Stargate  
  77  7:25  Assimilator, Probe  
  77  7:27  Probe  
  77  7:29  Assimilator  
  79  7:30  Probe  
  79  7:34  Void Ray  
  84  7:37  Probe  
  85  7:51  Void Ray  
  89  8:02  Pylon  
  89  8:03  Pylon  
  89  8:04  Pylon  
  89  8:06  Pylon  
  89  8:07  Void Ray  
  89  8:08  Pylon  
  89  8:10  Pylon  
  91  8:26  Void Ray  
  95  8:35  Pylon  
  95  8:36  Pylon  
  95  8:39  Stargate  
  95  8:42  Stargate  
  95  8:45  Void Ray  
  99  8:56  Void Ray  
  103  9:04  Protoss Shields Level 2  
  103  9:10  Probe  
  103  9:13  Probe  
  103  9:14  Protoss Air Weapons Level 2 (Chrono Boost), Protoss Air Armor Level 2 (Chrono Boost)  
  103  9:16  Probe  
  106  9:22  Probe  
  107  9:25  Probe  
  107  9:26  Nexus  
  107  9:28  Probe  
  107  9:29  Assimilator  
  107  9:30  Assimilator  
  109  9:34  Void Ray, Probe  
  109  9:37  Probe  
  115  9:41  Probe  
  116  9:49  Probe  
  116  9:52  Void Ray  
  121  9:53  Void Ray  
  125  11:02  Protoss Shields Level 3, Void Ray x3  
  125  11:03  Void Ray x2  
  145  11:29  Protoss Air Weapons Level 3 (Chrono Boost), Protoss Air Armor Level 3 (Chrono Boost)  
  145  11:45  Void Ray x3  
  157  11:47  Void Ray  
  161  12:35  Void Ray x4  
  161  12:36  Void Ray  
  157  14:00  Void Ray x5  
  169  15:26  Void Ray x5  
  116  17:30  Void Ray x2  
  116  17:31  Void Ray x3  
  128  18:20  Nexus  
  128  18:23  Assimilator  
  128  18:26  Assimilator  
  112  18:42  Void Ray x5  
Show
View Real Time Build Order
Export as new Build Order

JIMUSLIN Zerg 

Build Orders: Pool First 

Get SALT Encoding   

  8  0:05  Drone  
  9  0:12  Drone  
  10  0:19  Drone  
  11  0:27  Drone  
  12  0:32  Extractor  
  12  0:33  Drone  
  12  0:56  Spawning Pool  
  11  1:04  Overlord  
  11  1:17  Overlord  
  11  1:42  Queen  
  13  1:49  Metabolic Boost  
  13  1:54  Zergling x2  
  13  2:00  Zergling x2  
  15  2:05  Zergling x2  
  16  2:10  Zergling x2  
  17  2:18  Zergling x2  
  18  2:30  Spine Crawler  
  17  2:41  Zergling x4  
  19  2:53  Zergling x4  
  21  3:09  Zergling x6  
  24  3:25  Zergling x6  
  27  3:29  Zergling x2  
  13  4:43  Lair, Drone x2  
  13  4:44  Drone x3  
  17  4:58  Hatchery  
  16  5:21  Baneling Nest  
  16  5:22  Extractor  
  14  5:46  Zergling x2  
  14  5:47  Zergling x10  
  20  5:58  Spore Crawler  
  19  6:06  Baneling x3  
  14  6:41  Zergling x6  
  16  6:55  Centrifugal Hooks  
  16  7:01  Baneling  
  16  7:05  Baneling  
  16  7:17  Baneling x2  
  16  8:04  Drone x3  
  19  8:22  Nydus Network  
  18  8:35  Spore Crawler  
  17  8:41  Drone  
  18  8:58  Drone x2  
  18  9:28  Zergling x4  
  18  9:29  Zergling x4  
  22  9:46  Drone  
  22  9:47  Drone  
  22  9:51  Extractor  
  23  9:57  Nydus Canal  
  23  9:59  Baneling x2  
  23  10:00  Baneling  
  23  10:03  Baneling  
  19  10:27  Zergling x4  
  19  10:28  Zergling x4  
  22  10:51  Baneling x2  
  22  10:52  Baneling x6  
  22  11:38  Drone  
  23  11:55  Overlord x2  
  23  11:56  Overlord  
  23  12:04  Nydus Canal  
  23  12:14  Zergling x2  
  24  12:17  Zergling x6  
  23  12:42  Queen  
  23  12:43  Zergling x4  
  23  12:44  Zergling x2  
  28  13:42  Zergling x6  
  28  13:44  Baneling x3  
  28  13:45  Baneling x4  
  31  13:55  Baneling x6  
  31  13:58  Queen  
  31  13:59  Drone x3  
  36  14:04  Extractor  
  36  14:05  Baneling x6  
  35  14:11  Overseer  
  28  14:53  Pneumatized Carapace  
  28  15:00  Zergling x2  
  28  15:01  Zergling x12  
  32  15:26  Zergling x10  
  37  15:33  Baneling x4  
  37  15:34  Overlord  
  37  15:37  Baneling  
  37  15:38  Baneling  
  37  15:46  Nydus Canal  
  37  15:58  Overseer  
  37  16:14  Baneling x8  
  37  16:15  Baneling x4  
  37  16:16  Baneling  
  37  16:25  Baneling x5  
  37  16:28  Drone  
  38  16:39  Nydus Canal  
  38  17:00  Queen  
  40  17:01  Zergling x2  
  40  17:02  Zergling x4  
  37  17:21  Baneling  
  31  17:25  Zergling x10  
  31  17:29  Baneling x4  
  36  17:31  Baneling  
  35  17:47  Baneling x3  
  35  17:48  Baneling x6  
  33  18:19  Queen  
  35  18:20  Overseer  
  35  18:21  Nydus Network  
  30  18:59  Drone x3  
  30  19:00  Drone x8  
  41  19:11  Zergling x4  
  41  19:12  Zergling x6  
  46  19:21  Zergling x4  
  48  19:27  Hydralisk Den  
  44  20:05  Baneling x6  
  44  20:06  Baneling x4  
  48  20:18  Nydus Canal  
Show
View Real Time Build Order
Export as new Build Order

TrusyEnota Zerg 

Build Orders: Hatch First 

Get SALT Encoding   

  8  0:01  Drone  
  9  0:11  Drone  
  10  0:20  Drone  
  11  0:22  Drone  
  12  0:35  Extractor, Drone  
  13  1:07  Extractor  
  13  1:10  Hatchery  
  13  1:11  Drone  
  12  1:15  Overlord  
  13  1:29  Spawning Pool  
  12  1:34  Drone  
  12  1:36  Drone  
  14  1:40  Drone  
  15  1:49  Drone  
  16  2:02  Overlord  
  16  2:17  Drone x2  
  18  2:25  Drone  
  19  2:32  Spine Crawler  
  18  2:37  Drone  
  18  2:41  Spine Crawler  
  18  2:43  Queen  
  20  2:44  Drone  
  20  2:47  Drone  
  20  2:49  Drone  
  23  2:52  Drone  
  23  2:56  Drone  
  25  3:07  Extractor  
  25  3:08  Drone  
  25  3:10  Extractor  
  25  3:11  Drone x2  
  26  3:14  Queen  
  26  3:16  Drone  
  29  3:26  Drone  
  30  3:30  Extractor, Drone  
  30  3:31  Extractor  
  30  3:32  Drone x2  
  31  3:41  Drone  
  32  3:49  Overlord  
  32  3:53  Roach Warren  
  32  3:55  Drone  
  32  4:00  Hatchery  
  32  4:02  Drone  
  32  4:05  Overlord  
  32  4:15  Drone x2  
  34  4:22  Drone  
  35  4:25  Spore Crawler  
  35  4:29  Drone x3  
  35  4:30  Drone x3  
  40  4:32  Lair  
  40  4:38  Evolution Chamber x2  
  38  4:44  Queen  
  40  4:52  Spore Crawler  
  39  4:53  Drone  
  40  5:00  Drone x2  
  40  5:01  Drone x3  
  40  5:04  Zerg Missile Weapons Level 1  
  45  5:08  Zerg Ground Armor Level 1  
  45  5:13  Drone x2  
  45  5:14  Drone  
  48  5:16  Drone  
  48  5:18  Drone  
  50  5:23  Drone x2  
  52  5:37  Spine Crawler  
  52  5:39  Queen  
  52  5:40  Spine Crawler  
  52  5:41  Spine Crawler  
  48  5:44  Roach, Spine Crawler  
  48  5:45  Roach  
  49  6:00  Roach  
  49  6:01  Drone  
  49  6:03  Overlord x3  
  52  6:20  Glial Reconstitution  
  52  6:23  Roach x3  
  52  6:24  Roach x5  
  64  6:42  Spine Crawler  
  64  6:47  Roach x3  
  63  6:53  Roach x4, Zergling x6  
  63  6:54  Zergling x4  
  72  7:26  Overlord x6  
  72  7:27  Overlord x3  
  72  7:30  Zerg Missile Weapons Level 2  
  72  7:34  Hatchery  
  72  7:35  Zerg Ground Armor Level 2  
  71  7:46  Drone x2  
  73  7:52  Queen  
  73  7:53  Drone  
  73  7:54  Drone x2  
  73  7:55  Drone x2  
  80  7:59  Metabolic Boost  
  80  8:03  Drone x2  
  80  8:05  Hydralisk Den  
  81  8:08  Drone  
  81  8:09  Drone x2  
  84  8:18  Drone x2  
  86  8:29  Spine Crawler  
  86  8:31  Roach x2  
  86  8:32  Roach x4  
  97  8:34  Drone  
  98  8:45  Drone x3  
  101  8:52  Spine Crawler  
  99  8:58  Roach x6  
  99  8:59  Roach x2  
  115  9:06  Extractor  
  109  9:27  Drone  
  109  9:28  Drone x2  
  112  9:32  Grooved Spines  
  112  9:33  Hydralisk x6  
  124  9:41  Hatchery  
  73  10:02  Roach  
  73  10:03  Roach x9  
  91  10:14  Infestation Pit  
  90  10:22  Muscular Augments  
  80  10:29  Roach  
  80  10:30  Roach x6  
  90  10:43  Roach x2  
  90  10:44  Roach x7  
  90  10:46  Ravager x2  
  94  10:57  Hive  
  89  11:06  Hydralisk x10  
  89  11:07  Hydralisk  
  104  11:17  Hydralisk x3  
  110  11:28  Hydralisk x6  
  122  11:44  Hydralisk x5, Roach x2  
  136  11:55  Hatchery  
  136  12:00  Roach x2  
  139  12:02  Overlord x2  
  139  12:03  Overlord x3  
  139  12:16  Zerg Missile Weapons Level 3  
  139  12:17  Lurker Den  
  139  12:18  Hydralisk  
  139  12:21  Extractor  
  139  12:23  Overlord  
  139  12:45  Roach x6  
  139  12:46  Roach x5  
  139  12:50  Overlord  
  161  12:53  Overseer x2  
  161  12:58  Hydralisk x2  
  161  12:59  Extractor  
  164  13:18  Unknown  
  164  13:24  Seismic Spines  
  164  13:26  Zerg Ground Armor Level 3  
  164  13:29  Hatchery  
  103  14:08  Hydralisk x8  
  103  14:09  Hydralisk x9  
  93  14:21  Adaptive Talons  
  87  14:27  Roach x8  
  87  14:28  Hydralisk  
  105  14:31  Overseer x2  
  74  14:48  Ravager  
  66  15:01  Drone  
  66  15:02  Drone x9  
  66  15:03  Drone x4  
  80  15:16  Hatchery  
  79  15:24  Extractor  
  79  15:25  Spore Crawler  
  79  15:26  Drone x3  
  74  15:49  Hydralisk x7  
  60  15:52  Roach  
  60  15:53  Roach  
  78  16:25  Roach  
  78  16:26  Roach x11  
  100  16:33  Overseer  
  100  16:34  Overseer x4  
  100  16:37  Pneumatized Carapace  
  100  16:58  Hydralisk  
  100  16:59  Hydralisk x4  
  100  17:00  Roach  
  112  17:01  Roach  
  112  17:05  Hatchery  
  112  17:06  Zerg Melee Weapons Level 1  
  79  17:31  Hydralisk x11  
  79  17:32  Hydralisk  
  79  17:36  Roach  
  85  17:50  Roach  
  85  17:51  Roach x5  
  73  18:08  Roach  
  73  18:09  Roach x3  
  59  18:28  Roach x2  
  53  19:01  Overseer  
  52  19:28  Drone x3  
  52  19:29  Drone  
  54  19:44  Overseer  
  52  19:59  Drone  
  54  20:00  Drone  
Show
View Real Time Build Order
Export as new Build Order

Aradur Protoss 

Build Orders:  

Get SALT Encoding   

  8  0:01  Probe (Chrono Boost)  
  9  0:12  Probe (Chrono Boost)  
  10  0:18  Probe  
  11  0:38  Pylon  
  11  0:40  Probe  
  12  0:52  Probe  
  13  0:59  Forge  
  13  1:05  Probe (Chrono Boost)  
  14  1:17  Probe (Chrono Boost)  
  15  1:22  Probe (Chrono Boost)  
  16  1:34  Photon Cannon  
  16  1:39  Pylon  
  16  1:41  Probe  
  16  1:44  Pylon  
  17  1:53  Probe  
  18  1:56  Assimilator  
  18  2:01  Gateway  
  18  2:23  Photon Cannon  
  18  2:38  Nexus  
  18  2:47  Pylon  
  18  2:52  Probe  
  19  3:03  Assimilator  
  19  3:04  Probe (Chrono Boost)  
  21  3:13  Photon Cannon, Probe (Chrono Boost)  
  21  3:26  Probe, Cybernetics Core  
  22  3:31  Zealot (Chrono Boost)  
  25  3:52  Probe (Chrono Boost)  
  25  3:53  Probe (Chrono Boost)  
  26  3:56  Zealot  
  26  4:01  Probe (Chrono Boost)  
  30  4:03  Probe (Chrono Boost)  
  30  4:06  Warp Gate, Probe  
  31  4:11  Pylon  
  31  4:25  Probe  
  31  4:28  Probe, Shield Battery  
  31  4:29  Pylon  
  33  4:37  Probe  
  34  4:42  Photon Cannon  
  34  4:54  Probe (Chrono Boost)  
  34  4:58  Sentry  
  37  5:01  Assimilator  
  37  5:03  Probe (Chrono Boost)  
  37  5:05  Assimilator  
  38  5:16  Probe  
  38  5:18  Probe  
  40  5:22  Stalker  
  42  5:28  Probe  
  42  5:30  Probe, Twilight Council  
  42  5:33  Gateway  
  44  5:36  Gateway  
  44  5:41  Probe  
  44  5:42  Probe  
  46  5:46  Pylon  
  46  5:53  Probe  
  46  5:54  Probe  
  46  5:55  Stalker  
  50  6:05  Probe  
  50  6:06  Probe  
  50  6:10  Charge (Chrono Boost)  
  52  6:17  Probe  
  52  6:18  Probe  
  54  6:25  Dark Shrine  
  54  6:27  Pylon  
  54  6:30  Pylon  
  54  6:31  Probe x2  
  56  6:34  Pylon  
  56  6:43  Probe x2  
  58  7:14  Gateway  
  58  7:20  Gateway  
  58  7:22  Gateway  
  58  7:30  Photon Cannon x2  
  58  7:31  Nexus  
  58  7:35  Assimilator  
  58  7:37  Pylon  
  58  7:38  Assimilator  
  58  7:40  Pylon  
  58  7:43  Blink  
  58  7:52  Dark Templar  
  58  7:53  Dark Templar  
  58  7:54  Dark Templar  
  58  7:56  Forge  
  58  7:57  Forge  
  64  8:01  Gateway  
  64  8:25  Probe x2  
  66  8:32  Robotics Facility  
  66  8:34  Protoss Shields Level 1  
  66  8:35  Protoss Ground Armor Level 1  
  66  8:39  Probe x2 (Chrono Boost)  
  68  8:45  Probe (Chrono Boost)  
  69  8:53  Photon Cannon  
  69  8:55  Probe (Chrono Boost)  
  70  9:00  Probe (Chrono Boost)  
  71  9:08  Stalker x4  
  71  9:09  Zealot x2  
  83  9:11  Probe  
  84  9:20  Shadow Stride  
  82  9:49  Templar Archives  
  82  9:52  Robotics Bay  
  78  9:54  Pylon  
  78  9:55  Pylon  
  78  9:59  Pylon  
  55  10:15  Stalker x4  
  55  10:16  Stalker x3  
  69  10:36  Protoss Ground Weapons Level 1  
  69  10:40  Protoss Ground Armor Level 2  
  69  10:43  Protoss Shields Level 2  
  69  10:46  Psionic Storm  
  69  10:49  Extended Thermal Lance  
  69  10:54  Observer  
  53  10:58  Dark Templar x4  
  53  10:59  Dark Templar  
  53  11:00  Stalker x2  
  37  11:23  Zealot  
  37  11:24  Zealot  
  39  11:37  Probe x2  
  39  11:38  Zealot  
  39  11:39  Zealot x2  
  47  11:41  Zealot  
  47  11:44  Immortal (Chrono Boost)  
  53  11:53  Probe x2 (Chrono Boost)  
  55  12:03  Probe (Chrono Boost)  
  55  12:05  Nexus  
  56  12:08  Probe (Chrono Boost)  
  57  12:16  Immortal  
  57  12:18  Zealot  
  57  12:19  Zealot x2  
  57  12:20  Probe  
  57  12:21  Dark Templar  
  70  12:44  Stalker x3  
  76  12:55  Colossus (Chrono Boost)  
  82  13:08  Probe x2  
  84  13:19  Stalker  
  86  13:20  Stalker, Probe x2  
  86  13:22  Zealot x2  
  86  13:23  Zealot  
  96  13:32  Probe  
  96  13:33  Probe  
  98  13:45  Probe, Colossus (Chrono Boost)  
  105  13:48  Zealot  
  105  13:49  Stalker  
  105  13:50  Stalker  
  111  14:03  Probe (Chrono Boost)  
  111  14:08  Probe x2 (Chrono Boost)  
  111  14:09  Assimilator  
  114  14:13  Assimilator, Probe (Chrono Boost)  
  117  14:17  Probe x2 (Chrono Boost)  
  117  14:27  Probe x2  
  119  14:32  Observer  
  104  15:02  Immortal  
  104  15:05  Zealot x3, Dark Templar  
  104  15:06  Dark Templar  
  118  15:07  Stalker  
  120  15:18  Gateway  
  120  15:19  Gateway  
  120  15:23  Gateway  
  120  15:25  Gateway  
  120  15:28  Gateway  
  120  15:29  Pylon  
  120  15:32  Pylon  
  120  15:34  Pylon  
  120  15:36  Pylon  
  120  15:47  Nexus  
  120  15:50  Assimilator  
  120  16:00  High Templar x2  
  120  16:01  High Templar  
  120  16:03  High Templar  
  74  16:19  Observer  
  74  16:24  Stalker x2  
  73  16:37  Observer  
  74  16:45  Pylon x2  
  74  16:47  Pylon  
  74  16:49  Pylon  
  74  16:53  Stalker x2  
  74  16:54  Stalker x4  
  80  16:55  Stalker x4  
  80  16:56  Stalker  
  96  17:02  Protoss Ground Weapons Level 2 (Chrono Boost)  
  96  17:12  Protoss Ground Armor Level 3 (Chrono Boost)  
  96  17:17  Protoss Shields Level 3 (Chrono Boost)  
  96  17:27  Photon Cannon  
  96  17:29  Photon Cannon  
  96  17:30  Photon Cannon  
  96  17:31  Dark Templar x2  
  96  17:33  Zealot  
  98  17:48  Colossus  
  96  18:19  Stalker x3  
  102  18:20  Stalker x2  
  102  18:22  Zealot x5  
  102  18:23  Zealot  
  118  18:54  Nexus  
  113  18:55  Assimilator  
  113  18:59  Observer  
  112  19:05  Stalker x4  
  112  19:06  Stalker x2, Zealot  
  112  19:07  Zealot x2  
  112  19:08  Zealot x2  
  134  19:23  Colossus  
  140  19:51  Stalker x4  
  140  19:52  Stalker x4  
  156  19:53  Stalker  
Show
View Real Time Build Order
Export as new Build Order

Satum Terran 

Build Orders:  

Get SALT Encoding   

  8  0:04  SCV  
  9  0:16  SCV  
  10  0:28  SCV  
  11  0:40  SCV  
  12  0:44  Supply Depot  
  12  0:57  SCV  
  13  1:11  Barracks  
  13  1:14  SCV  
  14  1:22  Refinery  
  14  1:23  Refinery  
  14  1:26  SCV  
  15  1:52  Supply Depot  
  15  2:01  Marine  
  16  2:09  Supply Depot  
  16  2:10  SCV  
  16  2:15  Barracks  
  17  2:19  Marine  
  18  2:22  SCV  
  19  2:35  Barracks  
  19  2:37  Marine  
  19  2:41  Supply Depot  
  20  2:56  Orbital Command  
  20  3:04  Marine  
  21  3:14  Factory  
  21  3:29  SCV  
  22  3:50  SCV  
  22  3:53  Command Center  
  23  4:01  Command Center  
  23  4:17  Marine x3  
  26  4:32  Factory Tech Lab  
  26  4:35  Marine x2  
  26  4:37  SCV  
  29  4:48  Marine  
  29  4:49  SCV  
  31  4:52  Marine  
  32  5:07  Siege Tank  
  32  5:10  Orbital Command  
  32  5:13  Orbital Command  
  35  5:23  Engineering Bay  
  35  5:24  SCV  
  35  5:25  Engineering Bay  
  36  5:36  SCV  
  36  5:38  Barracks Tech Lab  
  37  5:43  Barracks Tech Lab  
  37  5:44  Barracks Tech Lab  
  37  5:59  SCV  
  37  6:00  SCV x2  
  40  6:10  Terran Infantry Weapons Level 1  
  40  6:11  Terran Infantry Armor Level 1, SCV  
  40  6:12  SCV x2  
  40  6:15  Missile Turret  
  43  6:22  Armory  
  43  6:23  SCV  
  43  6:24  SCV x2  
  46  6:35  Stimpack  
  46  6:41  Combat Shield  
  44  7:14  Siege Tank  
  39  7:17  Marauder x2  
  39  7:20  Marauder  
  39  7:21  SCV x3  
  48  7:29  Command Center  
  48  7:32  Command Center  
  48  7:33  SCV x3  
  51  7:41  Concussive Shells  
  51  7:45  SCV x3  
  54  7:55  Ghost Academy  
  54  7:57  SCV x2  
  54  7:58  SCV  
  57  8:09  SCV x2  
  57  8:10  SCV  
  57  8:11  Supply Depot  
  60  8:16  Terran Infantry Weapons Level 2  
  60  8:24  Refinery  
  60  8:25  Refinery  
  60  8:26  Refinery  
  60  8:27  Refinery  
  60  8:32  Terran Infantry Armor Level 2  
  60  8:35  SCV  
  60  8:36  SCV x2  
  63  8:41  Supply Depot  
  63  8:42  Supply Depot  
  63  8:43  Supply Depot x2  
  63  8:47  Supply Depot, SCV  
  63  8:48  SCV x2  
  66  8:50  Orbital Command x2  
  66  8:59  SCV, Command Center  
  66  9:00  SCV x2  
  66  9:02  Barracks  
  69  9:06  Barracks  
  69  9:11  Barracks, SCV  
  69  9:12  SCV x2  
  69  9:15  Barracks  
  72  9:19  Starport  
  72  9:23  SCV  
  73  9:24  SCV x2  
  75  9:37  Personal Cloaking  
  75  9:39  Terran Vehicle And Ship Armor Level 1  
  75  9:56  Marauder  
  75  9:57  Marauder, Barracks Tech Lab  
  75  9:58  Barracks Tech Lab x2  
  75  9:59  Ghost  
  81  10:13  Orbital Command  
  81  10:17  Ghost  
  81  10:18  Ghost  
  81  10:19  Supply Depot  
  85  10:21  Starport Reactor  
  85  10:22  Barracks Tech Lab  
  85  10:24  Supply Depot  
  85  10:26  Ghost x2  
  85  10:27  Ghost  
  91  10:29  Widow Mine  
  93  10:36  Ghost  
  95  10:43  Supply Depot  
  95  10:47  Missile Turret  
  95  10:48  Missile Turret x2  
  95  10:55  Widow Mine  
  97  10:58  Ghost x2  
  101  11:06  Medivac  
  101  11:10  Drilling Claws  
  103  11:17  Widow Mine, Factory  
  105  11:19  Factory  
  105  11:38  Widow Mine  
  105  11:39  Medivac x2  
  111  11:43  Ghost  
  113  11:52  Supply Depot  
  113  11:59  Terran Infantry Weapons Level 3, Widow Mine  
  115  12:05  Terran Infantry Armor Level 3  
  115  12:12  Command Center  
  115  12:15  Supply Depot  
  111  12:38  Supply Depot  
  111  12:41  Factory Reactor  
  111  12:42  Factory Reactor  
  111  12:44  Ghost x4  
  119  12:57  Missile Turret  
  119  12:59  Missile Turret  
  119  13:01  Supply Depot  
  119  13:10  Widow Mine  
  119  13:12  Ghost x3  
  121  13:18  Widow Mine x3  
  121  13:19  Widow Mine  
  135  13:20  Missile Turret x2  
  135  13:32  Widow Mine  
  137  13:40  Widow Mine x2  
  137  13:41  Missile Turret  
  141  13:43  Missile Turret  
  141  13:53  Widow Mine  
  112  13:58  Widow Mine  
  112  13:59  Widow Mine  
  100  14:03  Missile Turret  
  100  14:06  Missile Turret  
  100  14:11  Ghost x2  
  100  14:12  Ghost x4  
  112  14:17  Planetary Fortress  
  112  14:20  Refinery  
  112  14:40  Ghost  
  112  14:41  Ghost x2  
  118  14:46  Refinery  
  118  14:47  SCV  
  118  14:48  SCV x5  
  115  15:00  SCV  
  115  15:21  Widow Mine  
  115  15:22  Widow Mine x4  
  125  15:37  Medivac  
  125  15:38  Medivac  
  125  15:39  Marine  
  125  15:40  Marine x2  
  125  15:41  Marine x4  
  136  15:43  Widow Mine  
  138  15:57  Marine  
  138  15:58  Marine x4  
  138  15:59  Marine x2  
  139  16:15  Marine  
  139  16:16  Marine x5  
  140  16:28  Ghost  
  142  16:32  Ghost  
  142  16:33  Ghost  
  142  16:34  Ghost x4  
  154  16:45  Medivac  
  154  16:46  Medivac  
  158  16:56  Ghost  
  160  17:01  Ghost  
  160  17:02  Ghost x4  
  127  17:32  Ghost x2  
  127  17:33  Ghost x4  
  127  17:34  Marine  
  138  17:42  Command Center  
  126  17:45  Missile Turret, Command Center  
  126  17:48  Missile Turret  
  126  17:52  Marine  
  126  17:57  Widow Mine x3  
  126  17:58  Widow Mine x2  
  137  18:01  Marine x4  
  137  18:02  Marine x2  
  143  18:10  Marine  
  142  18:18  Widow Mine  
  142  18:19  Marine x6, Widow Mine x3  
  156  18:28  Marine  
  157  18:36  Marine  
  157  18:37  Marine  
  111  19:04  Orbital Command, Missile Turret  
  111  19:05  Planetary Fortress, Missile Turret  
  111  19:06  Missile Turret  
  103  19:12  Refinery  
  103  19:16  Marine x5  
  103  19:17  Marine x2  
  108  19:19  Medivac x2  
  114  19:34  Marine x7  
  121  19:43  Missile Turret  
  121  19:44  Missile Turret  
  121  19:45  Missile Turret  
  117  19:46  Missile Turret  
  117  19:48  Medivac  
  117  19:51  Marine  
  117  19:52  Marine x6  
  113  19:53  Widow Mine  
  113  19:54  Widow Mine x4  
  122  20:06  Command Center  
Show
View Real Time Build Order
Export as new Build Order

papasmurpf Terran 

Build Orders:  

Get SALT Encoding   

  8  0:00  SCV  
  9  0:12  SCV  
  10  0:23  Supply Depot  
  10  0:29  SCV  
  11  0:41  SCV  
  12  0:54  SCV  
  13  0:57  Barracks  
  13  1:06  SCV  
  14  1:18  SCV  
  15  1:23  Refinery  
  15  1:30  SCV  
  16  1:38  Barracks  
  16  1:42  SCV  
  17  1:47  Supply Depot  
  17  1:48  Marine  
  18  1:54  SCV  
  19  2:06  SCV  
  20  2:14  Marine  
  21  2:23  Bunker  
  21  2:28  Orbital Command  
  21  2:29  Marine  
  22  2:32  Barracks Reactor  
  22  2:45  Engineering Bay  
  22  2:47  Marine  
  23  3:01  SCV  
  24  3:11  Barracks Tech Lab  
  24  3:16  Command Center  
  24  3:17  SCV  
  25  3:22  Refinery  
  25  3:34  Terran Infantry Weapons Level 1  
  25  3:38  Marine x2  
  25  3:39  Marine  
  28  3:43  Stimpack  
  28  3:46  SCV  
  29  4:01  Supply Depot  
  29  4:03  SCV  
  26  4:24  Marine x3  
  28  4:44  Marine x3  
  31  4:48  Orbital Command  
  31  5:02  Marine x3  
  34  5:09  Orbital Command  
  34  5:16  Refinery  
  34  5:17  Refinery  
  34  5:25  SCV  
  35  5:30  Combat Shield  
  35  5:31  Marine x3  
  38  5:37  SCV  
  38  5:39  SCV  
  40  5:48  Marine  
  40  5:49  Terran Infantry Armor Level 1, SCV  
  42  6:00  Supply Depot  
  42  6:08  Factory  
  42  6:21  Marine x3  
  42  6:22  SCV x2  
  47  6:34  SCV x2  
  47  6:39  Marine x2  
  44  7:07  Marine x2, Marauder  
  44  7:11  Concussive Shells  
  44  7:15  Factory Reactor  
  43  7:16  Starport  
  43  7:21  Barracks  
  43  7:23  Barracks  
  43  7:25  Marine x2, Armory  
  43  7:28  Marine  
  46  7:32  SCV x2  
  48  7:44  SCV x2  
  48  7:50  Supply Depot  
  50  7:56  Marauder, SCV  
  50  7:57  SCV  
  54  8:08  Supply Depot, SCV  
  55  8:13  Barracks Tech Lab  
  55  8:14  Barracks Tech Lab, Supply Depot  
  55  8:15  Terran Infantry Weapons Level 2  
  55  8:22  Medivac x2  
  59  8:30  Barracks Reactor  
  59  8:33  Marauder x2  
  63  8:34  Marine  
  63  8:36  Marine  
  65  8:52  Medivac x2  
  65  8:54  Command Center, Marauder  
  65  8:55  Marauder  
  67  9:16  Marauder  
  66  9:29  Marauder, Marine x4  
  66  9:30  Medivac x2  
  75  9:37  Marauder  
  76  9:47  Marine  
  76  9:50  Marauder  
  74  10:04  Marauder  
  74  10:05  Marine x3  
  79  10:11  Marauder  
  79  10:12  Marine  
  82  10:22  Marine  
  82  10:23  Marine x2  
  82  10:26  Marauder  
  85  10:33  Marauder  
  85  10:46  Medivac x2  
  85  10:47  Terran Infantry Weapons Level 3, Marauder  
  79  11:12  Marine x3  
  79  11:13  Marine, Marauder x2  
  87  11:29  Marine  
  87  11:32  Supply Depot  
  88  11:35  Marauder x2, Supply Depot  
  88  11:37  Supply Depot, Medivac  
  94  11:45  Fusion Core  
  94  11:51  Terran Ship Weapons Level 1  
  94  11:56  Marauder  
  96  12:02  Marauder  
  98  12:11  Planetary Fortress  
  98  12:17  Marauder  
  100  12:30  Marine x3  
  100  12:31  Marine x2  
  105  12:38  Marine  
  106  12:48  Marine x5  
  111  12:54  SCV  
  111  12:55  SCV, Caduceus Reactor  
  111  12:57  SCV  
  114  13:07  SCV x2  
  114  13:08  Marine x3  
  119  13:12  Refinery  
  119  13:26  Marine  
  119  13:29  Marine x2, SCV  
  119  13:30  Marine, SCV x2  
  119  13:31  Marauder x2  
  79  13:41  SCV  
  64  13:49  Marine x2  
  64  13:50  Marine x2  
  64  13:52  Advanced Ballistics, Marauder  
  64  13:53  Marauder  
  72  14:07  Marine x2  
  72  14:08  Marine x2  
  76  14:12  SCV x2  
  76  14:13  SCV  
  76  14:14  Marauder x2  
  76  14:15  Medivac x2  
  76  14:16  Terran Infantry Armor Level 2  
  87  14:18  Terran Ship Weapons Level 2  
  87  14:24  SCV  
  87  14:25  Marine x4, Factory Tech Lab  
  91  14:35  Marauder x2  
  94  14:42  Marine  
  94  14:43  Marine x3  
  94  14:45  Medivac  
  91  14:56  Marine x2  
  75  15:00  Marine x2  
  75  15:01  Marine x2  
  79  15:14  Marauder  
  79  15:15  Marauder  
  79  15:20  Marine x4  
  87  15:26  Medivac x2  
  91  15:35  Marine  
  91  15:36  Marauder  
  91  15:37  Marine  
  91  15:38  Refinery, Marine x3  
  91  15:41  Thor  
  104  15:53  Marine  
  104  15:55  Marine  
  104  15:56  Marine x3, Medivac x2  
  113  15:57  Marauder  
  115  16:12  Marauder  
  115  16:13  Marine  
  115  16:14  Marine  
  119  16:29  SCV, Thor  
  119  16:30  Marauder  
  121  16:50  Marine  
  121  16:51  Command Center  
  122  16:55  Marine  
  122  17:00  Marine x2, Drilling Claws  
  122  17:37  Terran Infantry Armor Level 3  
  122  17:44  Supply Depot x3  
  122  17:48  Supply Depot x2  
  122  17:57  Marine x2  
  122  18:00  Marine  
  122  18:01  Marine x3  
  122  18:02  Medivac x2, Thor  
  82  18:15  Marine x2  
  82  18:18  Marine x2  
  82  18:19  Marine x2  
  80  18:32  Medivac, Marine  
  80  18:33  Marine  
  78  18:36  Marine x2  
  78  18:37  Marine x2  
  82  18:41  Medivac  
  84  18:50  Marine  
  84  18:54  Marine x3  
  88  19:02  Medivac  
  90  19:03  Command Center  
  90  19:11  Medivac  
  90  19:17  Orbital Command  
  92  19:28  Marine x6  
  97  19:36  Medivac  
  98  19:41  Medivac  
  100  19:45  Marine  
  100  19:46  Marine x5  
Show
View Real Time Build Order
Export as new Build Order

PrEAUtiste Terran 

Build Orders: 2 Factory, Mech 

Get SALT Encoding   

  8  0:02  SCV  
  9  0:14  SCV  
  10  0:26  SCV  
  11  0:38  SCV  
  11  0:39  Supply Depot  
  12  0:50  SCV  
  13  1:01  Barracks  
  13  1:03  SCV  
  14  1:15  SCV  
  15  1:25  Refinery  
  15  1:27  SCV  
  16  1:39  SCV  
  17  1:51  SCV  
  18  1:59  Command Center  
  18  2:03  Marine, SCV  
  20  2:17  Orbital Command  
  20  2:21  Marine  
  21  2:34  Factory  
  21  2:41  Supply Depot  
  21  2:47  Refinery  
  21  3:01  Refinery  
  21  3:03  Marine, SCV  
  23  3:08  Factory  
  23  3:16  Orbital Command  
  23  3:21  Marine, SCV  
  25  3:27  Hellion  
  27  3:38  Factory, SCV  
  28  3:44  SCV  
  29  3:49  Orbital Command  
  29  3:52  Factory  
  29  4:05  Hellion x2  
  31  4:26  Hellion  
  31  4:27  Hellion x2  
  37  4:44  Hellion  
  39  4:46  SCV  
  39  4:47  SCV  
  39  4:50  Factory Tech Lab  
  41  4:56  Factory Tech Lab  
  41  4:58  Factory Tech Lab, SCV  
  42  5:02  Refinery  
  42  5:14  Supply Depot  
  42  5:16  Supply Depot  
  42  5:35  SCV x2  
  42  5:48  SCV x2  
  44  5:55  Cyclone x3  
  44  5:56  Factory Tech Lab  
  53  6:00  SCV x2  
  55  6:12  SCV x2  
  57  6:24  SCV x2  
  57  6:27  Cyclone  
  58  6:44  SCV x2  
  58  6:55  Supply Depot  
  58  6:57  Supply Depot x2  
  58  6:58  Armory  
  58  7:05  Supply Depot  
  58  7:16  Siege Tank x2, SCV x2  
  58  7:18  Siege Tank  
  69  7:27  Engineering Bay, Command Center, Supply Depot  
  69  7:28  SCV x2  
  71  7:39  Refinery  
  71  7:40  SCV x2  
  71  7:42  Infernal Pre-Igniter  
  71  7:44  Mag-Field Accelerator  
  73  7:45  Refinery  
  73  7:52  Supply Depot  
  73  7:53  SCV x2, Supply Depot, Terran Ship Weapons Level 1  
  75  8:01  Missile Turret  
  75  8:05  SCV x2  
  77  8:09  Cyclone  
  80  8:17  SCV x2  
  82  8:20  Missile Turret  
  82  8:23  Factory  
  82  8:26  Missile Turret  
  82  8:27  Missile Turret, Factory  
  82  8:29  SCV x2  
  82  8:31  Cyclone  
  87  8:39  Orbital Command  
  87  8:40  Missile Turret  
  89  8:41  SCV x2  
  89  8:46  Cyclone  
  92  8:53  SCV x2  
  92  8:55  Cyclone x2  
  100  9:05  SCV x2  
  100  9:06  SCV  
  103  9:13  Supply Depot  
  103  9:18  Supply Depot  
  103  9:21  Hellion x4  
  111  9:27  Hellion  
  113  9:32  Cyclone  
  113  9:37  SCV x3  
  113  9:38  Supply Depot  
  119  9:42  Supply Depot  
  115  9:49  SCV x3  
  88  10:01  SCV x3  
  77  10:34  Widow Mine  
  77  10:38  Missile Turret  
  75  10:53  Missile Turret x2  
  75  10:54  Missile Turret  
  75  10:55  Missile Turret  
  75  11:06  Command Center  
  75  11:11  Missile Turret  
  75  11:18  Command Center  
  75  11:21  Factory Tech Lab x2  
  75  11:26  Missile Turret x2  
  75  11:27  Missile Turret  
  75  11:28  SCV, Missile Turret  
  76  11:34  Missile Turret  
  76  11:35  Missile Turret  
  76  11:40  SCV  
  76  11:44  Cyclone  
  76  11:45  Cyclone x5  
  95  11:52  SCV  
  96  12:01  Missile Turret  
  96  12:04  SCV  
  97  12:16  Cyclone  
  97  12:17  Cyclone x5  
  107  12:27  Supply Depot  
  107  12:28  Supply Depot  
  107  12:29  Supply Depot  
  106  12:30  Supply Depot  
  106  12:31  Supply Depot  
  106  12:32  Missile Turret, Command Center  
  106  12:33  Missile Turret  
  106  12:46  Orbital Command  
  106  12:48  Cyclone  
  106  12:49  Cyclone, Widow Mine  
  114  12:59  Orbital Command  
  114  13:16  Drilling Claws  
  114  13:17  Widow Mine  
  114  13:18  Widow Mine x3  
  92  14:21  Cyclone x6  
  88  14:53  Cyclone x6  
  88  14:57  Orbital Command  
  106  15:05  Terran Ship Weapons Level 2  
  106  15:06  Factory  
  106  15:08  Factory  
  106  15:11  Armory  
  106  15:17  Unknown  
  106  15:25  Cyclone x2, Supply Depot  
  106  15:26  Supply Depot  
  80  16:28  Cyclone x6  
  80  16:29  Factory Reactor x2  
  98  16:40  Supply Depot  
  98  16:41  Supply Depot  
  98  16:43  Supply Depot  
  98  17:00  Cyclone x2  
  96  17:07  Missile Turret  
  96  17:25  Cyclone x4  
  108  17:32  Cyclone  
  84  18:16  Command Center  
  84  18:19  Missile Turret  
  69  18:52  Cyclone x3  
  78  19:26  Cyclone x2  
  78  19:29  Orbital Command  
  93  20:03  Unknown  
Show
View Real Time Build Order
Export as new Build Order

Bundy Protoss 

Build Orders:  

Get SALT Encoding   

  8  0:17  Probe (Chrono Boost)  
  9  0:27  Probe (Chrono Boost)  
  10  0:32  Probe (Chrono Boost)  
  10  0:33  Pylon  
  11  0:43  Probe  
  12  0:55  Probe  
  13  1:01  Gateway  
  13  1:07  Probe (Chrono Boost)  
  14  1:17  Probe (Chrono Boost)  
  15  1:39  Nexus  
  15  1:44  Probe  
  16  1:59  Pylon  
  16  2:01  Cybernetics Core  
  16  2:08  Probe  
  17  2:16  Assimilator  
  17  2:20  Probe (Chrono Boost)  
  18  2:26  Pylon  
  18  2:32  Assimilator, Probe (Chrono Boost)  
  19  2:46  Probe  
  20  2:57  Stalker (Chrono Boost)  
  20  2:58  Probe  
  23  3:00  Probe  
  24  3:19  Nexus  
  24  3:27  Pylon  
  24  3:32  Probe  
  25  3:35  Warp Gate  
  25  3:37  Probe  
  26  3:46  Stalker (Chrono Boost)  
  28  3:50  Probe  
  29  3:58  Pylon  
  29  3:59  Probe  
  30  4:16  Probe x2  
  28  4:24  Zealot (Chrono Boost)  
  28  4:28  Probe x2  
  29  4:42  Probe x3  
  31  4:54  Probe x3  
  34  5:01  Gateway  
  34  5:05  Gateway  
  34  5:06  Probe x2  
  36  5:12  Gateway  
  36  5:22  Twilight Council  
  36  5:23  Probe x2  
  36  5:26  Probe  
  39  5:34  Robotics Facility  
  39  5:35  Probe  
  40  5:45  Stalker  
  40  5:48  Probe x2  
  40  5:49  Probe  
  45  6:00  Assimilator, Probe x2  
  45  6:01  Assimilator  
  47  6:05  Stalker x2  
  47  6:08  Stalker  
  53  6:19  Forge  
  53  6:21  Forge  
  53  6:25  Observer (Chrono Boost), Blink (Chrono Boost)  
  54  6:27  Pylon  
  54  6:30  Stalker  
  56  6:34  Stalker  
  56  6:36  Observer (Chrono Boost)  
  56  6:37  Stalker  
  61  6:47  Observer  
  61  7:00  Stalker  
  61  7:01  Stalker x2  
  67  7:15  Protoss Ground Weapons Level 1 (Chrono Boost)  
  67  7:29  Assimilator  
  67  7:33  Assimilator  
  67  7:35  Probe (Chrono Boost)  
  67  7:36  Protoss Ground Armor Level 1 (Chrono Boost)  
  70  7:40  Probe x2 (Chrono Boost)  
  70  7:42  Stalker x2  
  74  7:46  Probe (Chrono Boost)  
  74  7:49  Probe x2 (Chrono Boost)  
  74  7:50  Probe (Chrono Boost)  
  77  7:52  Stalker  
  80  8:02  Probe  
  81  8:06  Photon Cannon  
  81  8:08  Pylon  
  81  8:13  Shield Battery  
  81  8:14  Probe  
  81  8:16  Shield Battery  
  82  8:20  Probe x2  
  82  8:21  Pylon  
  82  8:22  Shield Battery  
  82  8:24  Shield Battery  
  82  8:25  Pylon  
  82  8:26  Probe, Photon Cannon  
  85  8:28  Pylon  
  85  8:32  Pylon, Dark Shrine, Probe x2  
  87  8:38  Probe, Stalker x2  
  87  8:39  Stalker  
  94  8:49  Gateway  
  94  8:52  Gateway  
  94  8:58  Gateway, Protoss Shields Level 1 (Chrono Boost)  
  94  9:01  Shield Battery, Pylon  
  94  9:02  Stalker  
  96  9:03  Stalker x2, Shield Battery  
  96  9:04  Pylon  
  100  9:18  Protoss Ground Weapons Level 2 (Chrono Boost)  
  100  9:36  Stalker x4  
  108  9:44  Shadow Stride (Chrono Boost)  
  108  9:51  Dark Templar x3  
  114  10:14  Observer  
  114  10:15  Robotics Bay  
  115  10:31  Dark Templar x3  
  115  10:32  Observer, Dark Templar  
  124  10:49  Observer  
  117  11:26  Dark Templar x5  
  117  11:27  Dark Templar x2  
  129  11:36  Protoss Ground Armor Level 2 (Chrono Boost)  
  129  11:41  Protoss Shields Level 2 (Chrono Boost)  
  129  11:52  Charge  
  129  12:17  Assimilator  
  129  12:18  Assimilator  
  129  12:19  Pylon  
  129  12:21  Pylon x2  
  129  12:22  Pylon, Zealot x3  
  133  12:23  Zealot x4  
  133  12:24  Pylon x2  
  133  12:27  Pylon  
  133  12:29  Pylon x3  
  143  12:31  Pylon x3  
  143  12:32  Pylon  
  143  12:35  Nexus  
  143  12:50  Probe x3  
  146  12:51  Pylon  
  146  12:52  Zealot x3  
  146  12:53  Zealot x4  
  146  12:54  Pylon  
  146  12:57  Pylon  
  160  13:02  Probe x2, Pylon  
  162  13:05  Pylon  
  162  13:12  Pylon  
  162  13:16  Dark Templar x4  
  162  13:17  Dark Templar x3  
  112  13:51  Stalker x2  
  112  13:52  Stalker x5  
  99  14:20  Stalker x5  
  99  14:21  Stalker x2  
  68  15:16  Nexus  
  68  15:32  Dark Shrine  
  68  15:35  Nexus  
  68  15:36  Forge  
  55  16:27  Pylon  
  55  16:31  Gateway  
  55  16:45  Dark Templar x3  
  55  16:46  Dark Templar x2  
  65  16:57  Dark Templar  
  67  17:38  Dark Templar x2  
  67  17:39  Dark Templar x4  
  71  18:31  Dark Templar x3  
  71  18:32  Dark Templar x3  
  61  19:09  Nexus, Dark Templar  
  63  19:10  Dark Templar x4  
  51  20:01  Dark Templar x2  
Tags
 
Add a new tag
Caveats
  • Supply blocks, unpowered buildings, or Contaminate may cause inaccurate times.
  • Supply counts are checked every 10 seconds.